 Dungeon Crawl Stone Soup version 0.31-a0-486-g8d68a81214 (webtiles) character file.

Game seed: 17370216003604970280

237 pablito the Magician (level 5, -5/35 HPs)
             Began as a Demonspawn Hedge Wizard on Aug 8, 2023.
             Slain by Crazy Yiuf
             ... wielding a +4 quarterstaff of chaos
              (13 damage)
             ... on level 2 of the Dungeon.
             The game lasted 00:08:52 (2332 turns).

pablito the Magician (Demonspawn Hedge Wizard)      Turns: 2332, Time: 00:08:52

Health: -5/35      AC:  2    Str: 10    XL:     5   Next: 77%
Magic:  6/10       EV: 12    Int: 19    God:
Gold:   55         SH:  4    Dex: 13    Spells: 7/11 levels left

rFire   + . .        a - +0 dagger
rCold   + . .        (no shield)
rNeg    . . .        b - +0 robe
rPois   +            c - +0 hat
rElec   +            (no cloak)
rCorr   +            (no gloves)
SInv    .            (no boots)
Will    .....        (no amulet)
Stlth   ++           (no ring)
HPRegen 0.25/turn    (no ring)
MPRegen 0.12/turn

%: no passive effects
@: mighty, resistant, very slightly contaminated
A: foul stench 1, big brain 1, condensation shield
a: no special abilities


You were on level 2 of the Dungeon.
You visited 1 branch of the dungeon, and saw 2 of its levels.

You collected 55 gold pieces.

Inventory:

Hand Weapons
 a - a +0 dagger (weapon)
Missiles
 e - 9 poisoned darts
Armour
 b - a +0 robe (worn)
 c - a +0 hat (worn)
Scrolls
 h - 2 scrolls of torment {unknown}
 i - 2 scrolls of vulnerability {unknown}
 j - 2 scrolls of fog {unknown}
 k - 4 scrolls of fear {unknown}
 m - a scroll of teleportation {unknown}
 p - a scroll of poison {unknown}
 q - a scroll of butterflies {unknown}
Potions
 d - a potion of magic
 l - a potion of curing {unknown}
 n - a potion of mutation {unknown}
 o - a potion of heal wounds {unknown}


   Skills:
 + Level 2.8 Dodging
 - Level 1.9 Stealth
 + Level 3.8 Spellcasting
 + Level 2.6 Conjurations
 + Level 2.6 Summonings
 + Level 2.3 Translocations


You had 7 spell levels left.
You knew the following spells:

 Your Spells              Type           Power      Damage    Failure   Level
a - Magic Dart            Conj           52%        1d5       4%          1
b - Mephitic Cloud        Conj/Pois/Air  6%         N/A       30%         3

Your spell library contained the following spells:

 Spells                   Type           Power      Damage    Failure   Level
 Call Imp                 Summ           26%        N/A       8%          2
 Foxfire                  Conj/Fire      32%        2x1d5     9%          1
 Blink                    Tloc           24%        N/A       9%          2
 Slow                     Hex            12%        N/A       14%         1
 Cigotuvi's Dreadful Rot  Necr/Pois/Air  6%         N/A       22%         2
 Plasma Beam              Fire/Air       1%         2x1d11    100%        6
 Starburst                Conj/Fire      4%         6d3       100%        6


Dungeon Overview and Level Annotations

Branches:
Dungeon (2/15)

Altars:
Cheibriados

Shops:
D:1 (

Annotations:
D:2 Crazy Yiuf


Innate Abilities, Weirdness & Mutations

You may rarely emit foul miasma when damaged in melee.
You have an unusually large brain. (Int +2)
A meltable shield of frost defends you. (SH +4)


Message History

Aim: Crazy Yiuf, wielding a +4 quarterstaff of chaos and wearing a +0 cloak (chance to affect: 86%)
You miscast Mephitic Cloud.
You are very lightly contaminated with residual magic.
Nothing appears to happen.
Crazy Yiuf hits you with a +4 quarterstaff of chaos!
Crazy Yiuf glowers.
Casting: Mephitic Cloud (quite dangerous; 30% risk of failure)
Confirm with . or Enter, or press ? or * to list all spells.
Aiming: Mephitic Cloud (quite dangerous; 30% risk of failure)
Press: ? - help, Shift-Dir - straight line, f/p - Crazy Yiuf
Aim: Crazy Yiuf, wielding a +4 quarterstaff of chaos and wearing a +0 cloak (chance to affect: 86%)
Okay, then.
Crazy Yiuf attacks as you move away! Crazy Yiuf misses you.
Your magical contamination has completely faded away.
Things that are here:
a +0 short sword; a stone Crazy Yiuf attacks as you move away!
Crazy Yiuf barely misses you. Crazy Yiuf attacks as you move away!
Crazy Yiuf hits you with a +4 quarterstaff of chaos!
Space warps around you.
* * * LOW HITPOINT WARNING * * *
Crazy Yiuf grits, "Tonal!"
Crazy Yiuf attacks as you move away! Crazy Yiuf closely misses you.
Crazy Yiuf yells, "Gum!"
Casting: Mephitic Cloud (quite dangerous; 30% risk of failure)
Confirm with . or Enter, or press ? or * to list all spells.
Aiming: Mephitic Cloud (quite dangerous; 30% risk of failure)
Press: ? - help, Shift-Dir - straight line, f/p - Crazy Yiuf
Aim: Crazy Yiuf, wielding a +4 quarterstaff of chaos and wearing a +0 cloak (chance to affect: 86%)
You miscast Mephitic Cloud.
You are very lightly contaminated with residual magic.
Nothing appears to happen.
Crazy Yiuf barely misses you.
It was a potion of resistance.
You feel protected. Crazy Yiuf barely misses you.
It was a potion of might.
You feel very mighty all of a sudden.
Crazy Yiuf says, "Trifle cower Hive!"
Crazy Yiuf hits you with a +4 quarterstaff of chaos!
You die...

### #### ..##############
#... #.#............#
#######...
#.#.##########.#
###....>.... #.#.#
#.#######...####....
....##########..@g.).....#
##.#.
#..............######....#
#.## ##############.#
#....# ###.## ..<.# #.#
#.P..# #...## ###.# #.#
##...# ###.#. ###.# #.#
##.## #... .##.###### #.#
##.# #... .........# #.#
#.## ##.. ###.####.# #.#
##.# ###


You could see Crazy Yiuf.

Vanquished Creatures
  Sigmund (D:2)
  2 adders (D:2)
  2 dart slugs
  4 endoplasms (D:1)
  2 giant cockroaches (D:1)
  A goblin (D:1)
  A hobgoblin (D:1)
  8 jackals (D:1)
  2 quokkas (D:2)
  6 ball pythons
  3 bats
  5 frilled lizards
  5 kobolds
  2 rats
44 creatures vanquished.

Notes
Turn   | Place    | Note
-------+----------+-------------------------------------------
     0 | D:1      | pablito the Demonspawn Hedge Wizard began the quest for the
                  | Orb.
     0 | D:1      | Reached XP level 1. HP: 13/13 MP: 4/4
    49 | D:1      | Found Jidaf's Weapon Shop.
    74 | D:1      | Reached skill level 1 in Translocations
   184 | D:1      | Gained mutation: You may rarely emit foul miasma when
                  | damaged in melee. [demonic ancestry]
   184 | D:1      | Reached XP level 2. HP: 13/19 MP: 1/6
   752 | D:1      | Reached XP level 3. HP: 24/24 MP: 0/7
  1119 | D:2      | Found a snail-covered altar of Cheibriados.
  1566 | D:2      | Noticed Sigmund
  1591 | D:2      | Killed Sigmund
  1592 | D:2      | Gained mutation: A meltable shield of frost defends you.
                  | (SH +4) [demonic ancestry]
  1592 | D:2      | Reached XP level 4. HP: 10/30 MP: 3/9
  1592 | D:2      | Gained mutation: You have an unusually large brain. (Int
                  | +2) [demonic ancestry]
  1592 | D:2      | Reached XP level 5. HP: 12/35 MP: 3/10
  2146 | D:2      | Learned a level 3 spell: Mephitic Cloud
  2249 | D:2      | Found a runed translucent door.
  2250 | D:2      | Noticed Crazy Yiuf
  2332 | D:2      | Slain by Crazy Yiuf

Illustrated notes

Levels and vault maps discovered:
D:1:      eino_arrival_druids_welcome, layout_rooms, serial_shops,
          nicolae_shop_crystal, nicolae_kite_square_tiling_tiny
D:2:      layout_loops_ring, basic_altar, roderic_malta_cross,
          uniq_crazy_yiuf_cottage, uniq_sigmund

Skill      XL: |  1  2  3 |
---------------+----------+-----
Translocations | 1 2 |  2.3
Dodging        | 2 |  2.8
Conjurations   | 2 |  2.6
Summonings     | 2 |  2.6
Stealth        | |  1.9
Spellcasting   | |  3.8

Action                     |  1- 3 |  4- 6 || total
---------------------------+-------+-------++-------
  Melee: Dagger            |    97 |    24 ||   121
   Cast: Magic Dart        |    80 |    16 ||    96
    Use: Potion            |       |     2 ||     2
 Armour: Robe              |    15 |     5 ||    20
  Dodge: Dodged            |    63 |    15 ||    78
  Block: Other             |       |     7 ||     7

Table legend: (Time is in decaauts)
 A = Elapsed time spent in this place.
 B = Non-inter-level travel time spent in this place.
 C = Inter-level travel time spent in this place.
 D = Time resting spent in this place.
 E = Time spent auto-exploring this place.
 F = Levels seen in this place.
 G = Mean time per level.
                   A        B        C        D        E       F      G
               +--------+--------+--------+--------+--------+-----+--------+
         Total |   2332 |   2305 |     27 |      0 |   1888 |   2 | 1166.0 |
       Dungeon |   2332 |   2305 |     27 |      0 |   1888 |   2 | 1166.0 |
               +--------+--------+--------+--------+--------+-----+--------+

Top non-repeatable levels by time:
     D:2: 1270 daAuts
     D:1: 1061 daAuts
